 Dungeon Crawl Stone Soup version 0.20.1-1-g8b1a95d (webtiles) character file.

361 tidbits the Insei (level 6, -1/46 HPs)
             Began as a Demigod Transmuter on Aug 19, 2017.
             Slain by an iguana (13 damage)
             ... on level 5 of the Dungeon.
             The game lasted 00:09:06 (1319 turns).

tidbits the Insei (Demigod Transmuter)              Turns: 1319, Time: 00:09:06

Health: -1/46      AC:  2    Str: 10 (13) XL:     6   Next: 15%
Magic:  5/11       EV: 19    Int: 20 (21) God:
Gold:   153        SH:  0    Dex: 18 (21) Spells: 3/9 levels left

rFire    . . .     SeeInvis .     - Unarmed
rCold    . . .     Gourm    .   (shield currently unavailable)
rNeg     + . .     Faith    .   (armour currently unavailable)
rPois    .         Spirit   .   (helmet currently unavailable)
rElec    .         Reflect  .   (cloak currently unavailable)
rCorr    .         Harm     .   (gloves currently unavailable)
MR       .....                  (boots currently unavailable)
Stlth    ++........             (no amulet)
Regen    0.2/turn               n - ring of poison resistance
MPRegen  0.2/turn               r - ring of positive energy

@: spider-form, very slightly contaminated
A: high mp 1
a: End Transformation


You were on level 5 of the Dungeon.
You were not hungry.
You were a venomous arachnid creature.
You visited 1 branch of the dungeon, and saw 5 of its levels.

You collected 153 gold pieces.

Inventory:

Hand Weapons
 a - a +1 dagger of venom (melded)
   (You took it off a goblin on level 2 of the Dungeon)
Missiles
 l - 66 arrows
 u - 2 throwing nets (quivered) {!f}
Armour
 b - a +0 robe (melded)
Jewellery
 f - an uncursed amulet of guardian spirit
   (You found it on level 1 of the Dungeon)
 n - a ring of poison resistance (left front leg)
   (You found it on level 2 of the Dungeon)
 r - a ring of positive energy (right front leg)
   (You found it on level 4 of the Dungeon)
Scrolls
 e - 2 scrolls of enchant armour {unknown}
 g - 2 scrolls of remove curse {unknown}
 o - 2 scrolls of identify {unknown}
 p - 2 scrolls of magic mapping {unknown}
 q - a scroll of fog {unknown}
 v - a scroll of amnesia {unknown}
Potions
 i - a potion of degeneration
 j - a potion of magic
 k - a potion of brilliance {unknown}
 s - a potion of curing
 t - a potion of heal wounds {unknown}
Books
 c - a book of Changes

   Spells                             Type                      Level
   a - Beastly Appendage              Transmutation                1
   b - Sticks to Snakes               Transmutation                2
   c - Spider Form                    Transmutation/Poison         3
   d - Ice Form                       Ice/Transmutation            4
   e - Blade Hands                    Transmutation                5
Comestibles
 d - 2 bread rations
 h - 3 fruits
 m - a chunk of flesh


   Skills:
 - Level 0.8 Fighting
 - Level 1.7 Dodging
 + Level 5.3 Unarmed Combat
 - Level 2.0 Spellcasting
 - Level 4.1 Transmutations


You had 3 spell levels left.
You knew the following spells:

 Your Spells              Type           Power        Failure   Level  Hunger
e - Beastly Appendage     Tmut           ###...       11%         1    #......
k - Sticks to Snakes      Tmut           ###.....     13%         2    ##.....
p - Spider Form           Tmut/Pois      ##........   41%         3    ###....


Dungeon Overview and Level Annotations

Branches:
Dungeon (5/15)
 Temple: D:4-7


Innate Abilities, Weirdness & Mutations

You have an increased reservoir of magic. (+10% MP)


Message History

The iguana is moderately wounded.
Your ball python closely misses the iguana.
Your ball python grabs the iguana.
Your ball python constricts the iguana.
The iguana closely misses you.
Your adder bites the iguana but does no damage.
You hit the iguana but do no damage.
The iguana looks as sick as possible!
The iguana is moderately wounded.
Your ball python bites the iguana but does no damage.
Your ball python constricts the iguana.
The iguana completely misses you.
Your adder bites the iguana.
The iguana looks as sick as possible!
Your adder poisons the iguana!
You hit the iguana but do no damage.
The iguana is heavily wounded.
Your ball python bites the iguana but does no damage.
Your ball python constricts the iguana.
Your adder bites the iguana but does no damage.
The iguana bites your ball python!
Your ball python dies!
You hit the iguana.
The iguana looks as sick as possible!
The iguana is severely wounded.
You kill the iguana!
You see here an iguana corpse.
You butcher the iguana corpse.
m - a chunk of flesh You found an alarm trap!
Found 22 stones.
Found a quarterstaff.
Found a stone staircase leading down.
Your transformation is almost over.
Found a scroll labeled WEELLU CIAFENI.
An iguana comes into view.
Found a coppery potion.
You see here a scroll labeled WEELLU CIAFENI.
e - 2 scrolls labeled WEELLU CIAFENI (gained 1)
The iguana hisses angrily.
A jackal comes into view.
The jackal barks!
A jackal comes into view.
Your adder withers and dies!
You hit the iguana.
The iguana is poisoned.
The iguana is lightly wounded.
Your transformation has ended.
Your +1 dagger of venom unmelds from your body.
Your +0 robe unmelds from your body.
Your +1 dagger of venom begins to drip with poison!
The iguana bites you!
* * * LOW HITPOINT WARNING * * *
It was a potion of degeneration.
There was something very wrong with that liquid.
You feel weakened.
You feel dopey.
You feel clumsy. The jackal bites you.
* * * LOW HITPOINT WARNING * * *
It was a potion of magic.
Magic courses through your body.
The jackal bites you but does no damage.
The jackal closely misses you.
It was a potion of curing.
You feel better. The jackal misses you. The jackal closely misses you.
The jackal barely misses you. The jackal closely misses you.
Found 13 gold pieces.
Casting: Spider Form
Confirm with . or Enter, or press ? or * to list all spells.
You turn into a venomous arachnid creature.
Your +1 dagger of venom melds into your body.
Your +0 robe melds into your body.
Your +1 dagger of venom stops dripping with poison.
The iguana looks more healthy.
The jackal bites you.
* * * LOW HITPOINT WARNING * * *
You hit the jackal.
The jackal is moderately wounded.
The jackal completely misses you.
You hit the jackal.
The jackal is poisoned.
The jackal is heavily wounded.
The jackal misses you. The jackal completely misses you.
You hit the jackal but do no damage.
The jackal looks as sick as possible!
The jackal is heavily wounded.
You kill the jackal!
The jackal misses you.
The jackal bites you but does no damage.
A hound comes into view.
Casting: Spider Form
Confirm with . or Enter, or press ? or * to list all spells.
You miscast Sticks to Snakes.
You are very lightly contaminated with residual magic.
Strange energies run through your body.
The hound barks!
The jackal bites you.
* * * LOW HITPOINT WARNING * * *
Casting: Sticks to Snakes
Confirm with . or Enter, or press ? or * to list all spells.
You create 2 snakes!
You now have 66 arrows.
You hear the hiss of an avalanche of sand nearby.
The jackal completely misses you. The jackal barely misses you.
You hit the jackal.
You kill the jackal!
Your ball python barely misses the hound.
Your ball python grabs the hound.
Your ball python constricts the hound.
You hit the iguana but do no damage.
The iguana is severely wounded.
The hound barely misses your ball python.
The iguana bites you!
You die...

##..........#. #.#..
...####.##.##.##.##.
##...≈......#....#
######.....###..#####
#.#......#.^...#
#..............#
#####..........#..
############..##S.......
#..............ls.......
#.........##..##.S......
#.............##..h..##.
#...>...................
#.....)...###..#........
.....##.....##.##.......
##### #.(....!.# .......
.......... ...$###
##...#.##.#


You could see an iguana, a hound, a friendly adder and a friendly ball python.

Vanquished Creatures
  A sky beast (D:5)
  An ogre (D:4)
  A hound (D:4)
  Jessica (D:2)
  2 iguanas
  A worker ant (D:5)
  A gnoll (D:1)
  A worm (D:4)
  A dart slug (D:3)
  A leopard gecko (D:2)
  6 goblins
  6 hobgoblins
  8 jackals
  A kobold (D:2)
  5 frilled lizards
  A giant cockroach zombie (D:5)
  3 rats
41 creatures vanquished.

Notes
Turn   | Place    | Note
-------+----------+-------------------------------------------
     0 | D:1      | tidbits the Demigod Transmuter began the quest for the Orb.
     0 | D:1      | Reached XP level 1. HP: 15/15 MP: 5/5
   113 | D:2      | Reached skill level 3 in Unarmed Combat
   123 | D:2      | Noticed Jessica
   178 | D:2      | Found a blossoming altar of Fedhas.
   219 | D:2      | Found a shadowy altar of Dithmenos.
   235 | D:2      | Killed Jessica
   235 | D:2      | Reached XP level 2. HP: 12/22 MP: 5/7
   240 | D:2      | Learned a level 2 spell: Sticks to Snakes
   256 | D:2      | Reached XP level 3. HP: 12/27 MP: 8/8
   526 | D:2      | Reached skill level 2 in Spellcasting
   531 | D:2      | Learned a level 3 spell: Spider Form
   736 | D:1      | Reached skill level 2 in Transmutations
   881 | D:4      | Reached XP level 4. HP: 28/34 MP: 2/9
   925 | D:4      | Noticed an ogre
   934 | D:4      | Killed an ogre
   934 | D:4      | Reached skill level 4 in Transmutations
   934 | D:4      | Reached XP level 5. HP: 23/39 MP: 4/10
  1035 | D:4      | Reached skill level 4 in Unarmed Combat
  1115 | D:5      | Entered Level 5 of the Dungeon
  1243 | D:5      | Noticed a sky beast
  1262 | D:5      | Killed a sky beast
  1262 | D:5      | Reached skill level 5 in Unarmed Combat
  1262 | D:5      | Reached XP level 6. HP: 10/46 MP: 7/11
  1297 | D:5      | HP: 3/46 [iguana (13)]
  1304 | D:5      | HP: 3/46 [jackal (1)]
  1319 | D:5      | Slain by an iguana

Skill      XL: |  1  2  3  4  5 |
---------------+----------------+-----
Unarmed Combat | 3 5 |  5.3
Spellcasting   | 2 |  2.0
Transmutations | 2 4 |  4.1
Fighting       | |  0.8
Dodging        | |  1.7

Action                   |  1- 3 |  4- 6 || total
-------------------------+-------+-------++-------
Melee: Unarmed           |    58 |    38 ||    96
       Kick              |     4 |       ||     4
       Punch             |     1 |       ||     1
       Dagger            |    10 |    16 ||    26
       Headbutt          |     1 |       ||     1
 Cast: Beastly Appendage |    11 |       ||    11
       Spider Form       |     4 |     7 ||    11
       Sticks to Snakes  |     4 |     3 ||     7
  Use: Potion            |     1 |     3 ||     4
 Stab: Sleeping          |     1 |       ||     1
  Eat: Chunk             |     1 |     1 ||     2
       Meat ration       |       |     1 ||     1
Armor: Robe              |       |     4 ||     4
       Skin              |       |     1 ||     1
Dodge: Dodged            |    29 |    42 ||    71

Table legend:
 A = Turns spent in this place as a percentage of turns spent in the entire game.
 B = Non-inter-level travel turns spent in this place as a percentage of non-inter-level travel turns spent in the entire game.
 C = Inter-level travel turns spent in this place as a percentage of turns spent in this place.
 D = Turns resting spent in this place as a percentage of non-inter-level travel turns spent in this place.
 E = Turns spent auto-exploring this place as a percentage of non-inter-level travel turns spent in this place.
 F = Non-inter-level travel turns spent in this place divided by the number of levels of this place that you've seen.
                   A       B       C       D       E      F
               +-------+-------+-------+-------+-------+----------------------
         Total | 100.0 | 100.0 |   0.0 |   0.0 |   0.0 | 245.2
       Dungeon | 100.0 | 100.0 |   0.0 |   0.0 |   0.0 | 245.2
               +-------+-------+-------+-------+-------+----------------------

Table legend:
 A = Kills in this place as a percentage of kills in entire the game.
 B = Kills by you in this place as a percentage of kills by you in the entire game.
 C = Kills by friends in this place as a percentage of kills by friends in the entire game.
 D = Other kills in this place as a percentage of other kills in the entire game.
 E = Experience gained in this place as a percentage of experience gained in the entire game.
 F = Experience gained in this place divided by the number of levels of this place that you have seen.
                   A       B       C       D       E      F
               +-------+-------+-------+-------+-------+----------------------
         Total | 100.0 | 100.0 |  -nan |  -nan | 100.0 | 103.2
       Dungeon | 100.0 | 100.0 |  -nan |  -nan | 100.0 | 103.2
               +-------+-------+-------+-------+-------+----------------------

Vault maps used:
D:1:      minmay_arrival_plants_in_alcoves, hangedman_decor_growths
D:2:      tgw_fedhas, nicolae_dithmenos_shadow_blocks, uniq_jessica
D:3:      marbit_many_paths, first_bread
D:4:      nemelex_altar_shiori, serial_shops, nicolae_shop_trees,
          kennysheep_cluttered_room, nicolae_ru_path_of_blood
D:5:      chequers_ossuary_entry_cave
